PBL
LONDON MAJORS @ CANTON INDIANS
09/14/2047
 
TOP OF THE 1ST
London Majors batting - Pitching for Canton Indians : RHP Sergei Stefanov
Pitching: RHP Sergei Stefanov
Batting: RHB Manny Elizondo 0-0: Called Strike
0-1: Ball
1-1: Swinging Strike
1-2: Ball
2-2: Strikes out swinging
Batting: RHB Carlos Murillo 0-0: Foul Ball, location: 2F
0-1: Foul Ball, location: 2F
0-2: Foul Ball, location: 2F
0-2: Ball
1-2: Foul Ball, location: 2F
1-2: SINGLE (Line Drive, 9S, EV 103.1 MPH)
Batting: RHB Akira Kubo 0-0: Ball
1-0: Foul Ball, location: 2F
1-1: Ball
2-1: Ball
3-1: Grounds into double play, 6-4-3 (Groundball, 6, EV 103.8 MPH)
Top of the 1st over - 0 runs, 1 hit, 0 errors, 0 left on base; London 0 - Canton 0
BOTTOM OF THE 1ST
Canton Indians batting - Pitching for London Majors : RHP Marcus Reiling
Pitching: RHP Marcus Reiling
Batting: RHB George Wagner 0-0: Ball
1-0: Ball
2-0: Ball
3-0: Called Strike
3-1: Called Strike
3-2: Foul Ball, location: 2F
3-2: Strikes out looking
Batting: RHB Leo Villa 0-0: Ball
1-0: Swinging Strike
1-1: Ball
2-1: Called Strike
2-2: Foul Ball, location: 2F
2-2: Foul Ball, location: 2F
2-2: Ball
3-2: Base on Balls
Batting: RHB Adam McMillen 0-0: Foul Ball, location: 2F
0-1: Ball
1-1: Foul Ball, location: 2F
1-2: Strikes out looking
Batting: RHB Tacito Carreiro 0-0: Swinging Strike
0-1: Called Strike
0-2: Strikes out swinging
Bottom of the 1st over - 0 runs, 0 hits, 0 errors, 1 left on base; London 0 - Canton 0
TOP OF THE 2ND
London Majors batting - Pitching for Canton Indians : RHP Sergei Stefanov
Batting: RHB Brandon Williams 0-0: Foul Ball, location: 2F
0-1: Called Strike
0-2: Ball
1-2: Ground out 6-3 (Groundball, 6S, EV 84.4 MPH)
Batting: RHB Rudolph Lentz 0-0: Ground out 6-3 (Groundball, 6, EV 99.4 MPH)
Batting: RHB Bruce Ayotte 0-0: Foul Ball, location: 2F
0-1: Swinging Strike
0-2: Hit by Pitch
Batting: LHB Nate Greening 0-0: Called Strike
0-1: Ball
1-1: Fly out, F7 (Flyball, 7, EV 73.1 MPH)
Top of the 2nd over - 0 runs, 0 hits, 0 errors, 1 left on base; London 0 - Canton 0
BOTTOM OF THE 2ND
Canton Indians batting - Pitching for London Majors : RHP Marcus Reiling
Batting: RHB Patrick Pinault 0-0: Foul Ball, location: 2F
0-1: Called Strike
0-2: Ball
1-2: Foul Ball, location: 2F
1-2: Ball
2-2: Ball
3-2: Strikes out swinging
Batting: RHB Aaron Stout 0-0: Ball
1-0: Swinging Strike
1-1: Ball
2-1: Bunted foul
2-2: Foul Ball, location: 2F
2-2: Strikes out swinging
Batting: RHB Xavier Bartolani 0-0: Fly out, F3 (Popup, 3S, EV 76.2 MPH)
Bottom of the 2nd over - 0 runs, 0 hits, 0 errors, 0 left on base; London 0 - Canton 0
TOP OF THE 3RD
London Majors batting - Pitching for Canton Indians : RHP Sergei Stefanov
Batting: RHB Lao-che Zhu 0-0: Ball
1-0: Ball
2-0: Fly out, F4 (Popup, 23, EV 88.8 MPH)
Batting: RHB Jorge Alva 0-0: Foul Ball, location: 2F
0-1: Ground out 6-3 (Groundball, 6, EV 107.5 MPH)
Batting: RHB Manny Elizondo 0-0: Swinging Strike
0-1: Called Strike
0-2: Strikes out looking
Top of the 3rd over - 0 runs, 0 hits, 0 errors, 0 left on base; London 0 - Canton 0
BOTTOM OF THE 3RD
Canton Indians batting - Pitching for London Majors : RHP Marcus Reiling
Batting: RHB Tony Gonzales 0-0: Ball
1-0: Ball
2-0: Foul Ball, location: 2F
2-1: Foul Ball, location: 2F
2-2: Ground out 6-3 (Groundball, 56, EV 79.4 MPH)
Batting: LHB Mario Garza 0-0: Foul Ball, location: 2F
0-1: Foul Ball, location: 2F
0-2: Strikes out looking
Batting: RHB George Wagner 0-0: DOUBLE (Line Drive, 8RD, EV 111.2 MPH)
Batting: RHB Leo Villa 0-0: Called Strike
0-1: Swinging Strike
0-2: Strikes out swinging
Bottom of the 3rd over - 0 runs, 1 hit, 0 errors, 1 left on base; London 0 - Canton 0
TOP OF THE 4TH
London Majors batting - Pitching for Canton Indians : RHP Sergei Stefanov
Batting: RHB Carlos Murillo 0-0: Called Strike
0-1: Fly out, F7 (Flyball, 78M, EV 88.1 MPH)
Batting: RHB Akira Kubo 0-0: Called Strike
0-1: Ball
1-1: Ball
2-1: Ground out 4-3 (Groundball, 4, EV 84.4 MPH)
Batting: RHB Brandon Williams 0-0: Called Strike
0-1: Hit by Pitch
Batting: RHB Rudolph Lentz 0-0: Swinging Strike
0-1: Ball
1-1: Ball
2-1: Swinging Strike
2-2: Strikes out looking
Top of the 4th over - 0 runs, 0 hits, 0 errors, 1 left on base; London 0 - Canton 0
BOTTOM OF THE 4TH
Canton Indians batting - Pitching for London Majors : RHP Marcus Reiling
Batting: RHB Adam McMillen 0-0: Ground out 1-3 (Groundball, 23, EV 65.0 MPH)
Batting: RHB Tacito Carreiro 0-0: Ball
1-0: Ball
2-0: Called Strike
2-1: Ground out 3-1 (Groundball, 34S, EV 81.2 MPH)
Batting: RHB Patrick Pinault 0-0: Fly out, F6 (Line Drive, 6, EV 71.2 MPH)
Bottom of the 4th over - 0 runs, 0 hits, 0 errors, 0 left on base; London 0 - Canton 0
TOP OF THE 5TH
London Majors batting - Pitching for Canton Indians : RHP Sergei Stefanov
Batting: RHB Bruce Ayotte 0-0: Called Strike
0-1: Ground out 5-3 (Groundball, 56S, EV 90.0 MPH)
Batting: LHB Nate Greening 0-0: Ball
1-0: Called Strike
1-1: Ball
2-1: Foul Ball, location: 2F
2-2: Ground out 5-3 (Groundball, 56, EV 87.5 MPH)
Batting: RHB Lao-che Zhu 0-0: Ball
1-0: Called Strike
1-1: Foul Ball, location: 2F
1-2: Strikes out swinging
Top of the 5th over - 0 runs, 0 hits, 0 errors, 0 left on base; London 0 - Canton 0
BOTTOM OF THE 5TH
Canton Indians batting - Pitching for London Majors : RHP Marcus Reiling
Batting: RHB Aaron Stout 0-0: Called Strike
0-1: Ball
1-1: SINGLE (Line Drive, 9S, EV 93.1 MPH)
Batting: RHB Xavier Bartolani 0-0: Called Strike
0-1: Ball
1-1: Ball
2-1: Called Strike
2-2: Ball
3-2: Foul Ball, location: 2F
3-2: Base on Balls
Aaron Stout to second
Batting: RHB Tony Gonzales 0-0: Ball
1-0: Foul Ball, location: 2F
1-1: Ball
2-1: Called Strike
2-2: Strikes out swinging
Batting: LHB Mario Garza 0-0: Called Strike
0-1: Called Strike
0-2: Foul Ball, location: 2F
0-2: Foul Ball, location: 2F
0-2: Strikes out looking
Batting: RHB George Wagner 0-0: Reached on error, E4 (Groundball, 34, EV 92.5 MPH)
Aaron Stout scores
Xavier Bartolani to third
Batting: RHB Leo Villa 0-0: Called Strike
0-1: Fly out, F7 (Line Drive, 78M, EV 103.1 MPH)
Bottom of the 5th over - 1 run, 1 hit, 1 error, 2 left on base; London 0 - Canton 1
TOP OF THE 6TH
London Majors batting - Pitching for Canton Indians : RHP Sergei Stefanov
Batting: RHB Jorge Alva 0-0: Foul Ball, location: 2F
0-1: Ball
1-1: Ground out 5-3 (Groundball, 56S, EV 90.0 MPH)
Batting: RHB Manny Elizondo 0-0: Ground out 5-3 (Groundball, 25, EV 80.0 MPH)
Batting: RHB Carlos Murillo 0-0: Ball
1-0: SINGLE (Line Drive, 8LS, EV 98.8 MPH)
Batting: RHB Akira Kubo 0-0: Called Strike
0-1: Swinging Strike
0-2: Ball
1-2: Foul Ball, location: 2F
1-2: Ball
2-2: Foul Ball, location: 2F
2-2: Strikes out swinging
Top of the 6th over - 0 runs, 1 hit, 0 errors, 1 left on base; London 0 - Canton 1
BOTTOM OF THE 6TH
Canton Indians batting - Pitching for London Majors : RHP Marcus Reiling
Batting: RHB Adam McMillen 0-0: Ball
1-0: Fly out, F7 (Flyball, 78M, EV 88.8 MPH)
Batting: RHB Tacito Carreiro 0-0: DOUBLE (Flyball, 89D, EV 96.2 MPH)
Batting: RHB Patrick Pinault 0-0: Called Strike
0-1: DOUBLE (Groundball, 5L, EV 108.1 MPH)
Tacito Carreiro scores
Batting: RHB Aaron Stout 0-0: Called Strike
0-1: Ball
1-1: Swinging Strike
1-2: Foul Ball, location: 2F
1-2: Foul Ball, location: 2F
1-2: Ball
2-2: Ball
3-2: Fly out, F7 (Flyball, 78S, EV 94.4 MPH)
Batting: RHB Xavier Bartolani 0-0: Foul Ball, location: 2F
0-1: Ground out 6-3 (Groundball, 56, EV 84.4 MPH)
Bottom of the 6th over - 1 run, 2 hits, 0 errors, 1 left on base; London 0 - Canton 2
TOP OF THE 7TH
London Majors batting - Pitching for Canton Indians : RHP Sergei Stefanov
Batting: RHB Brandon Williams 0-0: Foul Ball, location: 2F
0-1: Ball
1-1: Foul Ball, location: 2F
1-2: Ball
2-2: Ground out 4-3 (Groundball, 4, EV 105.6 MPH)
Batting: RHB Rudolph Lentz 0-0: SINGLE (Line Drive, 6D, EV 109.4 MPH)
Batting: RHB Bruce Ayotte 0-0: Ball
1-0: Foul Ball, location: 2F
1-1: SINGLE (Line Drive, 4MD, EV 110.6 MPH)
Rudolph Lentz to second
Pinch Hitting: SHB Mike Fermin 0-0: Ball
1-0: Foul Ball, location: 2F
1-1: Ball
Wild Pitch!
Rudolph Lentz to third
Bruce Ayotte to second
2-1: Called Strike
2-2: Ground out 6-3 (Groundball, 6, EV 103.1 MPH)
Rudolph Lentz scores
Batting: RHB Lao-che Zhu 0-0: Ball
1-0: Swinging Strike
1-1: Called Strike
1-2: Strikes out swinging
Top of the 7th over - 1 run, 2 hits, 0 errors, 1 left on base; London 1 - Canton 2
BOTTOM OF THE 7TH
Canton Indians batting - Pitching for London Majors : RHP Marcus Reiling
Now at 2B: Mike Fermin
Batting: RHB Tony Gonzales 0-0: SINGLE (Line Drive, 89M, EV 104.4 MPH)
Batting: LHB Mario Garza 0-0: Ball
1-0: Bunted foul
1-1: Sac Bunt to 15S - play at first, batter OUT! 1-3
Tony Gonzales to second
Batting: RHB George Wagner 0-0: Ball
1-0: Foul Ball, location: 2F
1-1: Ball
2-1: Ball
3-1: Base on Balls
Batting: RHB Leo Villa 0-0: Ball
1-0: SINGLE (Groundball, 6MD, EV 94.4 MPH)
Tony Gonzales to third
George Wagner to second
Runner from 3rd tries for Home, SAFE, throw by CF to home
Batting: RHB Adam McMillen 0-0: Ball
1-0: Fly out, F9 (Flyball, 9S, EV 86.9 MPH)
Batting: RHB Tacito Carreiro 0-0: Called Strike
0-1: Ball
1-1: Fly out, F8 (Flyball, 78M, EV 70.6 MPH)
Bottom of the 7th over - 1 run, 2 hits, 0 errors, 2 left on base; London 1 - Canton 3
TOP OF THE 8TH
London Majors batting - Pitching for Canton Indians : RHP Sergei Stefanov
Now in LF: Juan Ordonez
Batting: RHB Jorge Alva 0-0: Fly out, F8 (Flyball, 8RM, EV 95.0 MPH)
Batting: RHB Manny Elizondo 0-0: Foul Ball, location: 2F
0-1: Called Strike
0-2: Ball
1-2: Foul Ball, location: 2F
1-2: Strikes out swinging, 2-3 out at first.
Batting: RHB Carlos Murillo 0-0: Called Strike
0-1: Called Strike
0-2: Strikes out looking
Top of the 8th over - 0 runs, 0 hits, 0 errors, 0 left on base; London 1 - Canton 3
BOTTOM OF THE 8TH
Canton Indians batting - Pitching for London Majors : RHP Marcus Reiling
Pitching: LHP Kevin Snider
Batting: RHB Patrick Pinault 0-0: Ball
1-0: Foul Ball, location: 2F
1-1: Called Strike
1-2: Ball
2-2: Ball
3-2: Strikes out swinging
Batting: RHB Aaron Stout 0-0: Foul Ball, location: 2F
0-1: Ball
1-1: Foul Ball, location: 2F
1-2: Fly out, F8 (Flyball, 8LD, EV 98.8 MPH)
Batting: RHB Xavier Bartolani 0-0: Ball
1-0: Foul Ball, location: 2F
1-1: Swinging Strike
1-2: SOLO HOME RUN (Flyball, 89XD, EV 101.9 MPH), Distance : 413 ft
Batting: RHB Tony Gonzales 0-0: Swinging Strike
0-1: Called Strike
0-2: Strikes out looking
Bottom of the 8th over - 1 run, 1 hit, 0 errors, 0 left on base; London 1 - Canton 4
TOP OF THE 9TH
London Majors batting - Pitching for Canton Indians : RHP Sergei Stefanov
Pitching: RHP Chris Gomez
Batting: RHB Akira Kubo 0-0: Swinging Strike
0-1: Foul Ball, location: 2F
0-2: SINGLE (Groundball, 4MD, EV 100.0 MPH)
Batting: RHB Brandon Williams 0-0: Called Strike
0-1: Called Strike
0-2: Ball
1-2: Strikes out swinging
Pinch Hitting: RHB Chad Colyer 0-0: Called Strike
0-1: Ball
Wild Pitch!
Akira Kubo to second
1-1: Foul Ball, location: 2F
1-2: Ball
2-2: Strikes out swinging
Batting: RHB Bruce Ayotte 0-0: Swinging Strike
0-1: Swinging Strike
0-2: Ball
1-2: Strikes out swinging
Top of the 9th over - 0 runs, 1 hit, 0 errors, 1 left on base; London 1 - Canton 4
Thursday, December 15th , 2022 - OOTP Baseball 23.9 Build 102